AoeStats
← 鄙人張麻子

Arabia

505270333Analyzed
1v1 RM · 25d ago on Sep 8, 2026· 45m 47s· 2 players
Game mode
Random Map
Map size
Tiny (2 player)
Population
200
Speed
Normal
Resources
Standard
Victory
Conquest
Starting age
Dark Age
Ending age
Imperial Age
RankedLock teamsTeams togetherTeam positionsShared explorationLock speedFull tech treeHidden civsTurbo modeCheats
Victory
Defeat
🇬🇧 Maya · United Kingdom
1200
+15
🇹🇼 Magyars · Taiwan
1170
-15
鄙人張麻子
5:18 Loom
9:31 Feudal Age
10:08 Double-Bit Axe
16:50 Wheelbarrow
16:59 Horse Collar
21:26 Castle Age
21:07 Fletching
22:55 Padded Archer Armor
22:53 Bodkin Arrow
23:31 Bow Saw
24:09 Bloodlines
24:02 Husbandry
25:46 Town Watch
27:55 Elite Skirmisher
34:07 Heavy Plow
34:45 Ballistics
36:06 Hand Cart
36:08 Fervor
37:35 Padded Archer Armor
40:29 Imperial Age
37:43 Crossbowman
38:45 Leather Archer Armor
39:05 Bloodlines
39:50 Scale Barding Armor
39:52 Gold Mining
41:14 Cavalier
42:19 Conscription
42:23 Chain Barding Armor
42:04 Bracer
42:52 Stone Mining
45:20 Town Patrol
47:16 Chemistry
Noklevann
0:26 Loom
9:30 Feudal Age
10:16 Double-Bit Axe
18:04 Fletching
23:02 Castle Age
21:17 Stone Mining
22:17 Padded Archer Armor
23:24 Crossbowman
23:56 Pikeman
24:56 Bodkin Arrow
25:40 Horse Collar
27:15 Wheelbarrow
28:59 Ballistics
29:03 Town Watch
30:27 Hand Cart
31:03 Heavy Plow
32:07 Leather Archer Armor
32:54 Eagle Warrior
33:34 Squires
36:45 Imperial Age
34:31 Eagle Warrior
35:12 Squires
35:34 Forging
35:24 Scale Mail Armor
35:51 Arson
37:06 Iron Casting
37:23 Gold Mining
38:04 Elite Eagle Warrior
38:58 Halberdier
41:39 Chemistry
41:04 Conscription
41:22 Chain Mail Armor
42:09 Holcans
42:37 Plate Mail Armor
43:07 Blast Furnace
43:58 Blast Furnace
43:33 Town Patrol
45:17 Crop Rotation
Connection lost

Rejoining the realm…

Still unreachable

The connection could not be restored.

Session expired

The server has moved on; the page needs a fresh start.